 Dungeon Crawl Stone Soup version 0.26.1-11-gd32895ea62 (webtiles) character file.

Game seed: 2509848218377237893

44 BodyHammer the Cudgeller (level 3, -3/33 HPs)
             Began as a Minotaur Berserker on May 9, 2021.
             Was an Initiate of Gozag.
             Slain by a black bear (6 damage)
             ... created by the rage of Trog
             ... on level 2 of the Dungeon.
             The game lasted 00:07:17 (1926 turns).

BodyHammer the Cudgeller (Minotaur Berserker)       Turns: 1926, Time: 00:07:18

Health: -3/33      AC:  5    Str: 22    XL:     3   Next: 39%
Magic:  2/2        EV: 11    Int:  4    God:    Gozag
Gold:   129        SH:  0    Dex:  9    Spells: 2/2 levels left

rFire    . . .     SeeInvis .   e - +2 mace (holy)
rCold    . . .     Faith    .   (no shield)
rNeg     . . .     Spirit   .   f - +0 ring mail
rPois    +         Reflect  .   (helmet restricted)
rElec    .         Harm     .   (no cloak)
rCorr    .         Rampage  .   (no gloves)
Will     .....                  (no boots)
Stlth    ..........             (no amulet)
HPRegen  0.11/turn              c - ring of poison resistance
MPRegen  0.08/turn              (no ring)

@: no status effects
A: retaliatory headbutt, horns 2
a: Renounce Religion, Potion Petition, Call Merchant, Bribe Branch


You were on level 2 of the Dungeon.
You worshipped Gozag.
Gozag was aware of your devotion.
You visited 1 branch of the dungeon, and saw 2 of its levels.

You collected 162 gold pieces.
You paid 33 gold pieces to Gozag.

Inventory:

Hand Weapons
 a - a +0 mace
 e - a +2 mace of holy wrath (weapon)
Armour
 b - a +0 animal skin
 f - a +0 ring mail (worn)
Jewellery
 c - a ring of poison resistance (left hand)
Scrolls
 g - a scroll of identify
 h - a scroll of enchant armour {unknown}
 i - a scroll of blinking {unknown}
Potions
 d - 2 potions of heal wounds
 j - a potion of lignification {unknown}


   Skills:
 + Level 4.3 Fighting
 + Level 4.5 Maces & Flails
 + Level 2.6 Armour
 + Level 2.5 Dodging


You had 2 spell levels left.
You didn't know any spells.
Your spell library was empty.

Dungeon Overview and Level Annotations

Branches:
Dungeon (2/15)

Altars:
Gozag
The Shining One


Innate Abilities, Weirdness & Mutations

You reflexively headbutt those who attack you in melee.
You have a pair of horns on your head.


Message History

Things that are here:
a +0 hunting sling; 22 stones
Found a glowing dagger.
Trog hurls firey rage upon you!
The fireball explodes!
The fireball engulfs you!
You start resting.
Trog sends monsters to punish you. 2 polar bears and 2 black bears come into view.
You hit the black bear.
The black bear is lightly wounded.
You sock the black bear!
The black bear is moderately wounded.
The polar bear misses you. The polar bear claws you. x2
The black bear bites you!
* * * LOW HITPOINT WARNING * * *
The black bear claws you.
* * * LOW HITPOINT WARNING * * *
The black bear claws you.
You die...
Your body crumbles into a pile of gold.

##..##########
##.....##.....##
##...)..........##
#...............)#
#.........<......#
#................#
#h...............#
#................#
#h@..............#
##hh............##
##.....##.....##
##############


You could see 2 polar bears and 2 black bears.

Vanquished Creatures
  An adder (D:2)
  2 worms (D:2)
  A dart slug (D:1)
  5 bats
  6 goblins
  A hobgoblin (D:2)
  3 jackals (D:1)
  A ball python (D:1)
  2 frilled lizards
  3 kobolds
  2 rats
27 creatures vanquished.

Notes
Turn   | Place    | Note
-------+----------+-------------------------------------------
     0 | D:1      | BodyHammer the Minotaur Berserker began the quest for the
                  | Orb.
     0 | D:1      | Reached XP level 1. HP: 19/19 MP: 0/0
   758 | D:1      | Reached XP level 2. HP: 21/27 MP: 1/1
  1341 | D:2      | Found an opulent altar of Gozag.
  1450 | D:2      | Fell from the grace of Trog
  1450 | D:2      | Became a worshipper of Gozag Ym Sagoz the Greedy
  1569 | D:2      | Found a glowing golden altar of the Shining One.
  1595 | D:2      | Reached XP level 3. HP: 26/33 MP: 2/2
  1925 | D:2      | Noticed a polar bear
  1925 | D:2      | Noticed a black bear
  1925 | D:2      | Noticed a polar bear
  1925 | D:2      | Noticed a black bear
  1926 | D:2      | Slain by a black bear

Illustrated notes

Levels and vault maps discovered:
D:1:      erik_arrival_triangle_large, layout_basic
D:2:      layout_rooms, old_standard_altar, grunt_gozag_breadcrumbs

Skill      XL: |  1  2 |
---------------+-------+-----
Fighting       | 4 |  4.3
Maces & Flails | 4 |  4.5
Armour         | |  2.6
Dodging        | |  2.5

Action                   || total
-------------------------++-------
Melee: Mace              ||    53
       Headbutt          ||     9
  Use: Potion            ||     1
       Scroll            ||     2
Armor: Animal skin       ||     4
       Ring mail         ||    15
Dodge: Dodged            ||    52
